 Dungeon Crawl Stone Soup version 0.23.1 (webtiles) character file.

Game seed: 9247741519120271663

823 redwoodhats the Shooter (level 7, -1/60 HPs)
             Began as a Yellow Draconian Hunter on Mar 19, 2019.
             Slain by an orc warrior
             ... wielding a +3 war axe
              (19 damage)
             ... on level 5 of the Dungeon.
             The game lasted 00:22:42 (6227 turns).

redwoodhats the Shooter (Yellow Draconian Hunter)   Turns: 6227, Time: 00:22:42

Health: -1/60      AC:  8    Str: 15 (16) XL:     7   Next: 64%
Magic:  0/7        EV: 13    Int: 13      God:
Gold:   242        SH:  0    Dex: 12      Spells: 6/6 levels left

rFire    + . .     SeeInvis .   q - +0 long sword
rCold    + . .     Gourm    .   (no shield)
rNeg     . . .     Faith    .   (armour unavailable)
rPois    .         Spirit   +   (helmet restricted)
rElec    .         Reflect  .   h - scarf {Spirit}
rCorr    +         Harm     .   (no gloves)
MR       +....     Rnd*Rage +   f - +1 pair of boots (curse)
Stlth    ++........             (no amulet)
HPRegen  0.60/turn              g - ring of protection from cold
MPRegen  0.10/turn              r - ring of protection from fire

@: very slightly contaminated
A: spit acid, unfitting armour, berserk 1, clever 1, magic resistance 1,
regeneration 1, cold-blooded, acid resistance, AC +6
a: Breathe Acid


You were on level 5 of the Dungeon.
You were not hungry.

You visited 1 branch of the dungeon, and saw 5 of its levels.

You collected 242 gold pieces.

Inventory:

Hand Weapons
 a - a +2 shortbow
 b - a +0 short sword
 e - a +0 rapier
 q - a +0 long sword (weapon)
Missiles
 c - 51 arrows
Armour
 f - a cursed +1 pair of boots (worn)
 h - a scarf of spirit shield (worn)
Jewellery
 g - a ring of protection from cold (left hand)
 r - a ring of protection from fire (right hand)
Wands
 k - a wand of enslavement (6)
 l - a wand of digging (8)
Scrolls
 i - 2 scrolls of noise
Potions
 j - 2 potions of curing
 o - a potion of heal wounds
 p - 2 potions of magic {unknown}
Comestibles
 d - 6 rations


   Skills:
 + Level 4.3 Fighting
 + Level 2.3(3.3) Short Blades
 + Level 3.5(3.9) Long Blades
 + Level 6.0 Bows
 + Level 3.4 Dodging
 + Level 1.3 Stealth


You had 6 spell levels left.
You didn't know any spells.
Your spell library was empty.

Dungeon Overview and Level Annotations

Branches:
Dungeon (5/15)             Temple (0/1) D:4

Altars:
Fedhas

Shops:
D:4 [

Annotations:
D:5 2 runed translucent doors


Innate Abilities, Weirdness & Mutations

You can spit globs of acid.
Your golden yellow scales are hard. (AC +6)
You cannot fit into any form of body armour.
You are cold-blooded and may be slowed by cold attacks.
You are resistant to acid. (rCorr)
You tend to lose your temper in combat.
Your mind is acute. (Int +2)
You are resistant to hostile enchantments. (MR+)
Your natural rate of healing is unusually fast.


Message History

The orc warrior hits you but does no damage.
You hit the orc warrior.
The orc warrior is moderately wounded.
The orc warrior hits you with a +3 war axe.
You closely miss the orc warrior.
You tail-slap the orc warrior, but do no damage.
The orc warrior is moderately wounded.
The orc warrior hits you with a +3 war axe!
* * * LOW HITPOINT WARNING * * *
Okay, then.
You hit the orc warrior but do no damage.
The orc warrior is moderately wounded.
The orc warrior misses you.
You riposte.
You hit the orc warrior but do no damage.
The orc warrior is moderately wounded.
You hit the orc warrior but do no damage.
Your tail-slap misses the orc warrior.
The orc warrior is moderately wounded.
The orc warrior hits you with a +3 war axe!!
You die...

.
.#
. .
.#.
#..
#.#
#.#
#.#
#@#
#o#
#(#
#(#
#(#
#)#
#(#
#(#
#.#
##


You could see an orc warrior.

Vanquished Creatures
  An ice beast (D:3)
  An ogre (D:5)
  A centaur (D:5)
  A hound (D:4)
  A jelly (D:5)
  4 orc priests
  An iguana (D:5)
  Ijyb (D:4)
  Natasha (twice) (D:4)
  An orc wizard (D:4)
  2 worker ants
  A hound skeleton (D:4)
  10 adders
  2 worms
  2 dart slugs (D:1)
  A leopard gecko (D:2)
  16 orcs
  A ball python (D:1)
  11 bats
  5 giant cockroaches
  8 goblins
  9 hobgoblins
  5 jackals
  5 quokkas
  A ball python skeleton (D:4)
  5 frilled lizards
  11 kobolds
  A leopard gecko skeleton (D:4)
  4 rats
114 creatures vanquished.

Notes
Turn   | Place    | Note
-------+----------+-------------------------------------------
     0 | D:1      | redwoodhats the Draconian Hunter began the quest for the
                  | Orb.
     0 | D:1      | Reached XP level 1. HP: 17/17 MP: 1/1
   232 | D:1      | Reached XP level 2. HP: 25/25 MP: 2/2
   380 | D:1      | Reached skill level 4 in Bows
  1010 | D:1      | Reached XP level 3. HP: 30/30 MP: 3/3
  1364 | D:2      | Found a blossoming altar of Fedhas.
  1416 | D:2      | Reached skill level 1 in Short Blades
  1499 | D:2      | Reached XP level 4. HP: 18/38 MP: 2/4
  2944 | D:3      | Gained mutation: You tend to lose your temper in combat.
                  | [potion of mutation]
  2944 | D:3      | Gained mutation: You are resistant to hostile enchantments.
                  | (MR+) [potion of mutation]
  2944 | D:3      | Gained mutation: Your mind is acute. (Int +2) [potion of
                  | mutation]
  2944 | D:3      | Gained mutation: Your natural rate of healing is unusually
                  | fast. [potion of mutation]
  3024 | D:3      | Reached skill level 1 in Stealth
  3135 | D:3      | Reached XP level 5. HP: 42/45 MP: 5/5
  3509 | D:3      | Noticed an ice beast
  3524 | D:3      | Killed an ice beast
  3524 | D:3      | Reached skill level 5 in Bows
  4309 | D:4      | Reached XP level 6. HP: 51/52 MP: 6/6
  4315 | D:4      | Noticed Ijyb
  4339 | D:4      | Killed Ijyb
  4376 | D:4      | Found a staircase to the Ecumenical Temple.
  4610 | D:4      | Reached skill level 1 in Long Blades
  5006 | D:4      | Found Siof Sic's Armour Emporium.
  5315 | D:4      | Noticed Natasha
  5324 | D:4      | Killed Natasha
  5465 | D:4      | Noticed Natasha
  5493 | D:4      | Killed Natasha
  5536 | D:5      | Entered Level 5 of the Dungeon
  5564 | D:5      | Your scales start taking on a golden yellow colour.
  5564 | D:5      | Reached XP level 7. HP: 50/59 MP: 5/7
  5564 | D:5      | Gained mutation: You are resistant to acid. (rCorr) [Yellow
                  | Draconian growth]
  5891 | D:5      | Reached skill level 6 in Bows
  5923 | D:5      | Found a runed translucent door.
  5952 | D:5      | Found a runed translucent door.
  6227 | D:5      | Slain by an orc warrior

Skill      XL: |  1  2  3  4  5  6  7 |
---------------+----------------------+-----
Bows           | 4 5 6 |  6.0
Fighting       | 3 4 |  4.3
Short Blades   | 1 2 |  2.3
Dodging        | 2 3 |  3.4
Stealth        | 1 |  1.3
Long Blades    | 1 3 |  3.5

Action                   |  1- 3 |  4- 6 |  7- 9 || total
-------------------------+-------+-------+-------++-------
Melee: Short sword       |   106 |    22 |       ||   128
       Tailslap          |     5 |    11 |     5 ||    21
       Shortbow          |     1 |       |       ||     1
       Rapier            |       |    13 |       ||    13
       Long sword        |       |    76 |    44 ||   120
 Fire: Shortbow          |    34 |   113 |    41 ||   188
 Abil: Breathe Acid      |       |       |     2 ||     2
  Use: Scroll            |     2 |     7 |     3 ||    12
       Potion            |       |     6 |       ||     6
  Eat: Ration            |     1 |     3 |     1 ||     5
       Chunk             |     1 |     1 |       ||     2
Armor: Skin              |    41 |    55 |    18 ||   114
Dodge: Dodged            |   103 |   112 |    48 ||   263
       Rpst.: Long sword |       |    14 |    10 ||    24
